MLB
MINNESOTA TWINS @ CLEVELAND INDIANS
08/27/2045
 
TOP OF THE 1ST
Minnesota Twins batting - Pitching for Cleveland Indians : RHP Art Nobles
Pitching: RHP Art Nobles
Batting: RHB Danny Miramontes 0-0: Ball
1-0: Ball
2-0: Ball
3-0: Base on Balls
Batting: LHB Joel Kunkler 0-0: Ball
1-0: Ball
2-0: Foul Ball, location: 2F
2-1: 2-RUN HOME RUN (Flyball, 7D, EV 95.0 MPH), Distance : 371 ft
Batting: RHB Hildo Pot 0-0: Called Strike
0-1: Ball
1-1: Swinging Strike
1-2: Ball
2-2: Strikes out swinging
Batting: RHB Väinö Tapaninen 0-0: Ball
1-0: Called Strike
1-1: Ball
2-1: Ball
3-1: Base on Balls
Batting: RHB José Molina 0-0: Called Strike
Pickoff Throw to First - Error! E1
Väinö Tapaninen to second
0-1: Ground out 4-3 (Groundball, 13, EV 86.9 MPH)
Väinö Tapaninen to third
Batting: RHB Yonetoshi Muranaka 0-0: Ball
1-0: Foul Ball, location: 2F
1-1: Ball
2-1: Foul Ball, location: 2F
2-2: Ground out 3-1 (Groundball, 34, EV 83.8 MPH)
Top of the 1st over - 2 runs, 1 hit, 1 error, 1 left on base; Minnesota 2 - Cleveland 0
BOTTOM OF THE 1ST
Cleveland Indians batting - Pitching for Minnesota Twins : RHP Jose Lopez
Pitching: RHP Jose Lopez
Batting: LHB Arvin Dungca 0-0: Called Strike
0-1: Foul Ball, location: 2F
0-2: Ball
1-2: Ball
2-2: Foul Ball, location: 2F
2-2: Foul Ball, location: 2F
2-2: Foul Ball, location: 2F
2-2: Ground out U3 (Groundball, 34, EV 106.2 MPH)
Batting: LHB Hector Pedroso 0-0: Ground out U3 (Groundball, 34, EV 83.8 MPH)
Batting: LHB Danny Dunham 0-0: Foul Ball, location: 2F
0-1: Ball
1-1: SOLO HOME RUN (Flyball, 9D, EV 95.6 MPH), Distance : 375 ft
Batting: RHB Rich Stinson 0-0: Called Strike
0-1: Foul Ball, location: 2F
0-2: Ball
1-2: Foul Ball, location: 2F
1-2: Ground out 4-3 (Groundball, 4, EV 90.6 MPH)
Bottom of the 1st over - 1 run, 1 hit, 0 errors, 0 left on base; Minnesota 2 - Cleveland 1
TOP OF THE 2ND
Minnesota Twins batting - Pitching for Cleveland Indians : RHP Art Nobles
Batting: RHB Mike Quackenbush 0-0: Foul Ball, location: 2F
0-1: Ball
1-1: Ball
2-1: Swinging Strike
2-2: Fly out, F7 (Flyball, 7, EV 94.4 MPH)
Batting: RHB Tony Rivera 0-0: Called Strike
0-1: Ball
1-1: Ball
2-1: Ball
3-1: Ground out 4-3 (Groundball, 34, EV 84.4 MPH)
Batting: LHB Gerardo Flores 0-0: SINGLE (Groundball, 4D, EV 94.4 MPH)
Batting: RHB Danny Miramontes 0-0: Ball
Gerardo Flores is caught stealing 2nd base 2-4
Top of the 2nd over - 0 runs, 1 hit, 0 errors, 0 left on base; Minnesota 2 - Cleveland 1
BOTTOM OF THE 2ND
Cleveland Indians batting - Pitching for Minnesota Twins : RHP Jose Lopez
Batting: RHB Shigem Kubo 0-0: Ball
1-0: Swinging Strike
1-1: Called Strike
1-2: Ground out 6-3 (Groundball, 6, EV 107.5 MPH)
Batting: RHB Hiroshige Yamada 0-0: Ground out 2-3 (Groundball, 15S, EV 71.9 MPH)
Batting: RHB Jesus Galvan 0-0: Ball
1-0: Ball
2-0: Fly out, F3 (Popup, 3S, EV 74.4 MPH)
Bottom of the 2nd over - 0 runs, 0 hits, 0 errors, 0 left on base; Minnesota 2 - Cleveland 1
TOP OF THE 3RD
Minnesota Twins batting - Pitching for Cleveland Indians : RHP Art Nobles
Batting: RHB Danny Miramontes 0-0: Ball
1-0: Called Strike
1-1: Foul Ball, location: 2F
1-2: Ball
2-2: Ball
3-2: Ground out 6-3 (Groundball, 6S, EV 90.0 MPH)
Batting: LHB Joel Kunkler 0-0: Called Strike
0-1: Foul Ball, location: 2F
0-2: Ball
1-2: DOUBLE (Line Drive, 89D, EV 111.9 MPH)
Batting: RHB Hildo Pot 0-0: Foul Ball, location: 2F
0-1: Foul Ball, location: 2F
0-2: Ball
1-2: Ball
2-2: Foul Ball, location: 2F
2-2: Fly out, F8 (Flyball, 8RXD, EV 100.0 MPH)
Runner from 2nd tags up, SAFE at 3rd, no throw by CF
Batting: RHB Väinö Tapaninen 0-0: Ground out 6-3 (Groundball, 6, EV 87.5 MPH)
Top of the 3rd over - 0 runs, 1 hit, 0 errors, 1 left on base; Minnesota 2 - Cleveland 1
BOTTOM OF THE 3RD
Cleveland Indians batting - Pitching for Minnesota Twins : RHP Jose Lopez
Batting: RHB Doug Hammertime 0-0: Ball
1-0: Ball
2-0: Ground out 4-3 (Groundball, 4, EV 100.0 MPH)
Batting: RHB Danny Millsaps 0-0: Ball
1-0: Swinging Strike
1-1: Ball
2-1: Ball
3-1: Ground out 6-3 (Groundball, 6, EV 86.2 MPH)
Batting: LHB Arvin Dungca 0-0: Fly out, F7 (Flyball, 7, EV 91.2 MPH)
Bottom of the 3rd over - 0 runs, 0 hits, 0 errors, 0 left on base; Minnesota 2 - Cleveland 1
TOP OF THE 4TH
Minnesota Twins batting - Pitching for Cleveland Indians : RHP Art Nobles
Batting: RHB José Molina 0-0: Foul Ball, location: 2F
0-1: Ground out 6-3 (Groundball, 6, EV 82.5 MPH)
Batting: RHB Yonetoshi Muranaka 0-0: Called Strike
0-1: Foul Ball, location: 2F
0-2: Ball
1-2: SINGLE (Line Drive, 56D, EV 99.4 MPH)
Batting: RHB Mike Quackenbush 0-0: Ball
1-0: Ball
2-0: Fielders Choice at 2nd, 4-6 (Groundball, 13, EV 85.6 MPH)
Batting: RHB Tony Rivera 0-0: Ball
1-0: Swinging Strike
1-1: Ball
2-1: Fly out, F8 (Flyball, 8RXD, EV 100.0 MPH)
Top of the 4th over - 0 runs, 1 hit, 0 errors, 1 left on base; Minnesota 2 - Cleveland 1
BOTTOM OF THE 4TH
Cleveland Indians batting - Pitching for Minnesota Twins : RHP Jose Lopez
Batting: LHB Hector Pedroso 0-0: Called Strike
0-1: Ball
1-1: Foul Ball, location: 2F
1-2: Foul Ball, location: 2F
1-2: Ground out 5-3 (Groundball, 56, EV 81.2 MPH)
Batting: LHB Danny Dunham 0-0: Ball
1-0: Foul Ball, location: 2F
1-1: Foul Ball, location: 2F
1-2: Ball
2-2: Hit by Pitch
Batting: RHB Rich Stinson 0-0: DOUBLE (Line Drive, 9LM, EV 102.5 MPH)
Danny Dunham to third
Batting: RHB Shigem Kubo 0-0: Ball
1-0: Swinging Strike
1-1: SINGLE (Flyball, 8RS, EV 93.1 MPH)
Danny Dunham scores
Rich Stinson to third
Runner from 3rd tries for Home, throw by CF and OUT! 8-2
Shigem Kubo to second
Batting: RHB Hiroshige Yamada 0-0: Called Strike
0-1: Ball
1-1: Called Strike
1-2: Ball
2-2: Fly out, F7 (Flyball, 78D, EV 95.0 MPH)
Bottom of the 4th over - 1 run, 2 hits, 0 errors, 1 left on base; Minnesota 2 - Cleveland 2
TOP OF THE 5TH
Minnesota Twins batting - Pitching for Cleveland Indians : RHP Art Nobles
Batting: LHB Gerardo Flores 0-0: Foul Ball, location: 2F
0-1: Ground out 5-3 (Groundball, 56, EV 83.8 MPH)
Batting: RHB Danny Miramontes 0-0: Foul Ball, location: 2F
0-1: Ground out 6-3 (Groundball, 56, EV 111.2 MPH)
Batting: LHB Joel Kunkler 0-0: Ball
1-0: Foul Ball, location: 2F
1-1: Foul Ball, location: 2F
1-2: Ball
2-2: Foul Ball, location: 2F
2-2: Fly out, F4 (Popup, 34S, EV 78.1 MPH)
Top of the 5th over - 0 runs, 0 hits, 0 errors, 0 left on base; Minnesota 2 - Cleveland 2
BOTTOM OF THE 5TH
Cleveland Indians batting - Pitching for Minnesota Twins : RHP Jose Lopez
Batting: RHB Jesus Galvan 0-0: Ball
1-0: Fly out, F9 (Flyball, 89S, EV 73.8 MPH)
Batting: RHB Doug Hammertime 0-0: Fly out, F7 (Flyball, 7LS, EV 93.8 MPH)
Batting: RHB Danny Millsaps 0-0: Called Strike
0-1: Ball
1-1: Swinging Strike
1-2: Ball
2-2: Ball
3-2: Ground out 4-3 (Groundball, 34, EV 83.8 MPH)
Bottom of the 5th over - 0 runs, 0 hits, 0 errors, 0 left on base; Minnesota 2 - Cleveland 2
TOP OF THE 6TH
Minnesota Twins batting - Pitching for Cleveland Indians : RHP Art Nobles
Batting: RHB Hildo Pot 0-0: Ball
1-0: Ball
2-0: Fly out, F9 (Flyball, 9LM, EV 82.5 MPH)
Batting: RHB Väinö Tapaninen 0-0: SINGLE (Groundball, 6MS, EV 95.0 MPH) (infield hit)
Batting: RHB José Molina 0-0: Ball
1-0: Fly out, F3 (Popup, 3S, EV 75.6 MPH)
Batting: RHB Yonetoshi Muranaka 0-0: Called Strike
0-1: Fly out, F9 (Flyball, 9D, EV 81.9 MPH)
Top of the 6th over - 0 runs, 1 hit, 0 errors, 1 left on base; Minnesota 2 - Cleveland 2
BOTTOM OF THE 6TH
Cleveland Indians batting - Pitching for Minnesota Twins : RHP Jose Lopez
Batting: LHB Arvin Dungca 0-0: Ball
1-0: Foul Ball, location: 2F
1-1: Swinging Strike
1-2: Ball
2-2: Ball
3-2: DOUBLE (Line Drive, 8LXD, EV 111.2 MPH)
Batting: LHB Hector Pedroso 0-0: Ground out 4-3 (Groundball, 34, EV 87.5 MPH)
Arvin Dungca to third
Batting: LHB Danny Dunham 0-0: Called Strike
0-1: SINGLE (Groundball, 56D, EV 105.6 MPH)
Arvin Dungca scores
Batting: RHB Rich Stinson 0-0: Ball
1-0: TRIPLE (Flyball, 8RXD, EV 95.6 MPH)
Danny Dunham scores
Batting: RHB Shigem Kubo 0-0: Foul Ball, location: 2F
0-1: Ball
1-1: Ball
2-1: DOUBLE (Flyball, 89XD, EV 114.4 MPH)
Rich Stinson scores
Batting: RHB Hiroshige Yamada 0-0: Ball
1-0: Ball
2-0: Ball
3-0: Called Strike
3-1: Ground out 6-3 (Groundball, 6, EV 105.6 MPH)
Batting: RHB Jesus Galvan 0-0: Called Strike
0-1: Ball
1-1: Ball
2-1: Ball
3-1: Foul Ball, location: 2F
3-2: Ground out 6-3 (Groundball, 6, EV 89.4 MPH)
Bottom of the 6th over - 3 runs, 4 hits, 0 errors, 1 left on base; Minnesota 2 - Cleveland 5
TOP OF THE 7TH
Minnesota Twins batting - Pitching for Cleveland Indians : RHP Art Nobles
Batting: RHB Mike Quackenbush 0-0: Fly out, F3 (Line Drive, 3, EV 70.6 MPH)
Batting: RHB Tony Rivera 0-0: Called Strike
0-1: Ball
1-1: Ball
2-1: Ball
3-1: Foul Ball, location: 2F
3-2: Strikes out swinging
Batting: LHB Gerardo Flores 0-0: Swinging Strike
0-1: Ball
1-1: SINGLE (Line Drive, 7LS, EV 97.5 MPH)
Batting: RHB Danny Miramontes 0-0: Ball
Gerardo Flores steals 2nd base
1-0: Ball
2-0: Foul Ball, location: 2F
2-1: Foul Ball, location: 2F
2-2: Ball
3-2: Fly out, F7 (Line Drive, 78M, EV 100.6 MPH)
Top of the 7th over - 0 runs, 1 hit, 0 errors, 1 left on base; Minnesota 2 - Cleveland 5
BOTTOM OF THE 7TH
Cleveland Indians batting - Pitching for Minnesota Twins : RHP Jose Lopez
Batting: RHB Doug Hammertime 0-0: Ball
1-0: Foul Ball, location: 2F
1-1: Foul Ball, location: 2F
1-2: Ball
2-2: Fly out, F8 (Line Drive, 8LD, EV 90.6 MPH)
Batting: RHB Danny Millsaps 0-0: Ball
1-0: Called Strike
1-1: Foul Ball, location: 2F
1-2: Ground out 5-3 (Groundball, 56, EV 88.8 MPH)
Batting: LHB Arvin Dungca 0-0: Ball
1-0: Ball
2-0: SINGLE (Line Drive, 34, EV 105.6 MPH)
Batting: LHB Hector Pedroso 0-0: Ball
1-0: Foul Ball, location: 2F
1-1: Fly out, F8 (Flyball, 89D, EV 102.5 MPH)
Bottom of the 7th over - 0 runs, 1 hit, 0 errors, 1 left on base; Minnesota 2 - Cleveland 5
TOP OF THE 8TH
Minnesota Twins batting - Pitching for Cleveland Indians : RHP Art Nobles
Pitching: RHP Jorge Reyes
Batting: LHB Joel Kunkler 0-0: Ball
1-0: DOUBLE (Line Drive, 9LS, EV 95.6 MPH)
Batting: RHB Hildo Pot 0-0: Ball
1-0: Ball
2-0: Ground out 5-3 (Groundball, 56, EV 100.6 MPH)
Batting: RHB Väinö Tapaninen 0-0: Ball
1-0: Ball
2-0: Ball
3-0: Called Strike
3-1: Foul Ball, location: 2F
3-2: Base on Balls
Batting: RHB José Molina 0-0: Ball
1-0: Ball
2-0: Swinging Strike
2-1: Grounds into double play, 6-4-3 (Groundball, 6, EV 105.0 MPH)
Top of the 8th over - 0 runs, 1 hit, 0 errors, 1 left on base; Minnesota 2 - Cleveland 5
BOTTOM OF THE 8TH
Cleveland Indians batting - Pitching for Minnesota Twins : RHP Jose Lopez
Pitching: RHP Ryan Bushey
Batting: LHB Danny Dunham 0-0: Ball
1-0: Ball
2-0: Foul Ball, location: 2F
2-1: Foul Ball, location: 2F
2-2: Ball
3-2: Base on Balls
Batting: RHB Rich Stinson 0-0: Ball
1-0: Ball
Wild Pitch!
Danny Dunham to second
2-0: Fly out, F8 (Flyball, 89D, EV 91.2 MPH)
Batting: RHB Shigem Kubo 0-0: Ball
1-0: Ball
2-0: Swinging Strike
2-1: Ball
3-1: Base on Balls
Batting: RHB Hiroshige Yamada 0-0: Ball
1-0: Called Strike
1-1: Swinging Strike
1-2: Strikes out swinging
Batting: RHB Jesus Galvan 0-0: Ball
1-0: Ball
2-0: Ball
3-0: Called Strike
3-1: Fielders Choice at 2nd, 5-4 (Groundball, 56, EV 93.1 MPH)
Bottom of the 8th over - 0 runs, 0 hits, 0 errors, 2 left on base; Minnesota 2 - Cleveland 5
TOP OF THE 9TH
Minnesota Twins batting - Pitching for Cleveland Indians : RHP Jorge Reyes
Pitching: RHP Hector Guerrero
Batting: RHB Yonetoshi Muranaka 0-0: Called Strike
0-1: DOUBLE (Line Drive, 9LM, EV 111.9 MPH)
Batting: RHB Mike Quackenbush 0-0: Ball
1-0: Ball
2-0: Foul Ball, location: 2F
2-1: Ball
3-1: SINGLE (Groundball, 6, EV 96.9 MPH)
Yonetoshi Muranaka to third
Batting: RHB Tony Rivera 0-0: Ball
1-0: Ball
2-0: Called Strike
2-1: Fielders Choice at 2nd, 2-4 (Groundball, 2L, EV 73.1 MPH)
Batting: LHB Gerardo Flores 0-0: Ball
1-0: Fielders Choice at 2nd, 4-6 (Groundball, 34D, EV 81.2 MPH)
Yonetoshi Muranaka scores
Batting: RHB Danny Miramontes 0-0: Ball
1-0: Swinging Strike
1-1: Foul Ball, location: 2F
1-2: Foul Ball, location: 2F
1-2: Ball
2-2: Ball
3-2: Foul Ball, location: 2F
3-2: SINGLE (Groundball, 6D, EV 100.0 MPH)
Gerardo Flores to second
Gerardo Flores to third
Batting: LHB Joel Kunkler 0-0: Ball
1-0: Ball
2-0: Ball
3-0: Base on Balls
Danny Miramontes to second
Batting: RHB Hildo Pot 0-0: Swinging Strike
0-1: SINGLE (Groundball, 56D, EV 106.2 MPH)
Gerardo Flores scores
Danny Miramontes to third
Joel Kunkler to second
Runner from 3rd tries for Home, throw by LF and OUT! 7-2
Top of the 9th over - 2 runs, 4 hits, 0 errors, 2 left on base; Minnesota 4 - Cleveland 5
Wednesday, June 22nd , 2022 - OOTP Baseball 23.4 Build 64